 Dungeon Crawl Stone Soup version 0.19-a0-1341-g3513869 (webtiles) character file.

236 mopl the Ruffian (level 5, -6/45 HPs)
             Began as a Troll Wizard on Sept 1, 2016.
             Was an Initiate of Sif Muna.
             Mangled by azzavlup's ghost (10 damage)
             ... on level 5 of the Dungeon.
             The game lasted 00:04:37 (857 turns).

mopl the Ruffian (Troll Wizard)                      Turns: 857, Time: 00:04:38

Health: -6/45      AC:  5    Str: 15    XL:     5   Next: 77%
Magic:  7/7        EV: 10    Int: 14    God:    Sif Muna [......]
Gold:   114        SH:  0    Dex:  9    Spells: 4 memorised, 0 levels left

rFire  . . .     SeeInvis .       - Unarmed
rCold  . . .     Gourm    +     a - +0 robe
rNeg   . . .     Faith    .     (no shield)
rPois  .         Spirit   .     b - +0 hat
rElec  .         Dismiss  .     (no cloak)
rCorr  .         Reflect  .     (gloves unavailable)
MR     .....     Harm     .     (boots unavailable)
Stlth  +.........               i - amulet of rage
                                (no ring)
                                (no ring)

@: confused, exhausted, slowed, very slow
A: unfitting armour, claws 3, fast metabolism 3, gourmand, regeneration 1,
shaggy fur 1, tough skin 2
a: Renounce Religion, Evoke Berserk Rage


You were on level 5 of the Dungeon.
You worshipped Sif Muna.
Sif Muna was noncommittal.
You were very full.

You visited 2 branches of the dungeon, and saw 6 of its levels.

You collected 114 gold pieces.

Inventory:

Armour
 a - a +0 robe (worn)
 b - a +0 hat (worn)
Jewellery
 i - an amulet of rage (around neck)
Scrolls
 j - a scroll of teleportation {unknown}
 k - a scroll of remove curse {unknown}
 o - a scroll of fog {unknown}
 p - a scroll of fear {unknown}
Potions
 e - a potion of curing {unknown}
 f - a potion of magic
 l - a potion of might {unknown}
Books
 c - a book of Minor Magic

   Spells                             Type                      Level
   a - Magic Dart                     Conjuration                  1
   b - Blink                          Translocation                2
   c - Call Imp                       Summoning                    2
   d - Repel Missiles                 Charms/Air                   2
   e - Slow                           Hexes                        2
   f - Conjure Flame                  Conjuration/Fire             3
   g - Mephitic Cloud                 Conjuration/Poison/Air       3
Comestibles
 d - 2 bread rations
 g - 4 chunks of flesh
 h - 2 meat rations
 m - a slice of pizza
 n - a beef jerky


   Skills:
 - Level 1.5 Dodging
 - Level 1.1 Stealth
 + Level 5.7 Unarmed Combat
 - Level 2.0 Spellcasting
 - Level 0.6 Conjurations
   Level 0.6 Summonings
 - Level 0.6 Translocations


You couldn't memorise any spells.
You knew the following spells:

 Your Spells              Type           Power        Failure   Level  Hunger
a - Magic Dart            Conj           #...         21%         1    ##.....
d - Mephitic Cloud        Conj/Pois/Air  #.......     73%         3    ####...
e - Blink                 Tloc           N/A          30%         2    ###....
i - Repel Missiles        Chrm/Air       #.....       34%         2    ###....


Dungeon Overview and Level Annotations

Branches:
Dungeon (5/15)             Temple (1/1) D:4

Altars:
Ashenzari
Elyvilon
Gozag
Kikubaaqudgha
Makhleb
Nemelex Xobeh
Okawaru
Ru
Sif Muna
Trog
Uskayaw
Xom
Yredelemnul
Zin
The Shining One

Annotations:
D:5 azzavlup's ghost, novice GrWz


Innate Abilities, Weirdness & Mutations

You are too large for most types of armour.
You have claws for hands.
Your metabolism is lightning-fast.
You like to eat raw meat.
Your natural rate of healing is unusually fast.
You are covered in fur. (AC +1)
You have very tough skin. (AC +2)


Message History

The ball explodes into a vile cloud!
The stinking cloud engulfs you!
The stinking cloud engulfs azzavlup's ghost.
Azzavlup's ghost appears unharmed.
Azzavlup's ghost points at you and mumbles some strange words.
The ball explodes into a vile cloud!
The stinking cloud engulfs you!
The stinking cloud engulfs azzavlup's ghost.
Azzavlup's ghost appears unharmed.
Unknown command.
You barely miss azzavlup's ghost.
Azzavlup's ghost is severely damaged.
You are engulfed in noxious fumes.
You choke on the stench!
You are confused.
* * * LOW HITPOINT WARNING * * *
Azzavlup's ghost closely misses you.
It was a potion of magic.
Magic courses through your body.
You are engulfed in noxious fumes.
You choke on the stench!
You are more confused.
* * * LOW HITPOINT WARNING * * *
Azzavlup's ghost hits you!
You die...

#.. #.. ..# ## #.#
.. ..###. #....
#§#.#
###.#####@#.#.##
#......sW§§....#
#.#.#######......#
##..##. .# .. .. #


You could see azzavlup's ghost and a giant cockroach.

Vanquished Creatures
  A hound (D:4)
  3 orc wizards (D:3)
  3 worker ants (D:4)
  An adder (D:3)
  An ooze (D:1)
  2 worms (D:2)
  5 orcs
  3 giant cockroaches
  2 hobgoblins
  3 jackals
  2 kobolds (D:1)
  A quokka (D:4)
  A ball python (D:4)
  3 bats
  2 giant newts (D:3)
  A rat (D:3)
34 creatures vanquished.

Notes
Turn   | Place    | Note
-------+----------+-------------------------------------------
     0 | D:1      | mopl the Troll Wizard began the quest for the Orb.
     0 | D:1      | Reached XP level 1. HP: 16/16 MP: 2/2
    63 | D:1      | Reached skill level 1 in Unarmed Combat
    97 | D:1      | Reached XP level 2. HP: 24/24 MP: 4/4
   190 | D:1      | Reached skill level 2 in Unarmed Combat
   376 | D:3      | Reached XP level 3. HP: 31/31 MP: 5/5
   391 | D:3      | Reached skill level 3 in Unarmed Combat
   492 | D:3      | Reached XP level 4. HP: 34/39 MP: 6/6
   504 | D:3      | Reached skill level 4 in Unarmed Combat
   529 | D:3      | Learned a level 3 spell: Mephitic Cloud
   532 | D:3      | Learned a level 2 spell: Blink
   546 | D:4      | Found a shattered altar of Ashenzari.
   568 | D:4      | Reached XP level 5. HP: 41/45 MP: 7/7
   578 | D:4      | Learned a level 2 spell: Repel Missiles
   609 | D:4      | Found a staircase to the Ecumenical Temple.
   627 | Temple   | Entered the Ecumenical Temple
   718 | Temple   | Became a worshipper of Sif Muna the Loreminder
   766 | D:4      | Reached skill level 5 in Unarmed Combat
   833 | D:5      | Entered Level 5 of the Dungeon
   835 | D:5      | Noticed azzavlup's ghost (novice GrWz)
   857 | D:5      | Mangled by azzavlup's ghost

Vault maps used:
D:1:      tarquinn_simple_flora_water_a
D:2:      ecumenical_altar_1, amethyst_killhole, grunt_ministairs_11,
          uniq_sigmund, uniq_robin
D:3:      cheibriados_altar_1, minmay_misc_feat_iff
D:4:      lemuel_crystal_altar
D:5:      first_bread, kennysheep_diamond, uniq_eustachio
Temple:   dpeg_chambers_temple

Skill      XL: |  1  2  3  4  5 |
---------------+----------------+-----
Unarmed Combat | 1 2 3 4 5 |  5.7
Dodging        | |  1.5
Stealth        | |  1.1
Spellcasting   | |  2.0
Conjurations   | |  0.6
Summonings     | |  0.6
Translocations | |  0.6

Action                   |  1- 3 |  4- 6 || total
-------------------------+-------+-------++-------
Melee: Unarmed           |   102 |    64 ||   166
       Punch             |       |     1 ||     1
 Abil: Evoke Berserk Rag |       |     1 ||     1
  Use: Potion            |       |     1 ||     1
 Stab: Sleeping          |     1 |       ||     1
  Eat: Chunk             |     8 |     5 ||    13
Armor: Robe              |    42 |    12 ||    54
Dodge: Dodged            |    56 |    29 ||    85
